 Dungeon Crawl Stone Soup version 0.19-a0-1193-g2641e52 (webtiles) character file.

130 epen the Poker (level 5, -2/43 HPs)
             Began as a Merfolk Monk on Aug 19, 2016.
             Was a Follower of Okawaru.
             Slain by Eustachio
             ... wielding a +6 rapier of flaming
              (5 damage)
             ... on level 4 of the Dungeon.
             The game lasted 00:04:44 (3308 turns).

epen the Poker (Merfolk Monk)                       Turns: 3308, Time: 00:04:45

Health: -2/43      AC:  6    Str:  9 (12) XL:     5   Next: 14%
Magic:  5/5        EV: 15    Int:  9 (10) God:    Okawaru [*.....]
Gold:   166        SH:  0    Dex: 15 (16) Spells: 0 memorised, 4 levels left

rFire  . . .     SeeInvis .     a - +0 spear
rCold  . . .     Gourm    .     t - +0 ring mail
rNeg   . . .     Faith    .     (no shield)
rPois  .         Spirit   .     (no helmet)
rElec  .         Dismiss  .     (no cloak)
rCorr  .         Reflect  .     (no gloves)
MR     .....     Harm     .     (no boots)
Stlth  +.........               (no amulet)
                                (no ring)
                                (no ring)

@: confused, heroism
A: change form in water, swift swim
a: Heroism, Renounce Religion


You were on level 4 of the Dungeon.
You worshipped Okawaru.
Okawaru was aware of your devotion.
You were not hungry.

You visited 1 branch of the dungeon, and saw 4 of its levels.

You collected 166 gold pieces.

Inventory:

Hand Weapons
 a - a +0 spear (weapon)
Armour
 b - a +0 robe
 g - a +0 leather armour
 t - a +0 ring mail (worn)
Wands
 p - a wand of iceblast (5/15)
Scrolls
 e - a scroll of magic mapping {unknown}
 j - a scroll of blinking {unknown}
 m - a scroll of recharging {unknown}
 n - a scroll of fear {unknown}
 o - a scroll of teleportation {unknown}
 q - a scroll of enchant armour {unknown}
 s - 3 scrolls of amnesia {unknown}
 u - a scroll of identify {unknown}
Potions
 d - a potion of degeneration
 i - a potion of lignification {unknown}
 k - a potion of mutation {unknown}
Comestibles
 c - 3 bread rations
 f - 4 fruits
 r - a chunk of flesh


   Skills:
 + Level 4.3(9.3) Fighting
 + Level 5.6(10.6) Polearms
 * Level 1.1(6.1) Armour
 + Level 4.7(9.7) Dodging
 - Level 2.4(7.4) Stealth
 + Level 1.0 Invocations


You had 4 spell levels left.
You didn't know any spells.

Dungeon Overview and Level Annotations

Branches:
Dungeon (4/15)
 Temple: D:4-7

Altars:
Nemelex Xobeh
Okawaru

Annotations:
D:4 Eustachio


Message History

You closely miss Eustachio.
Eustachio is heavily wounded.
The white imp misses you.
You miss Eustachio.
Eustachio is heavily wounded.
Eustachio barely misses you. The white imp hits you.
* * * LOW HITPOINT WARNING * * *
The white imp freezes you.
* * * LOW HITPOINT WARNING * * *
Unknown command.
It was a potion of ambrosia.
You are confused.
You feel invigorated.
Eustachio drinks a potion.
Eustachio is healed!
The white imp closely misses you.
You bump into the rock wall.
The white imp gestures at you. The puff of frost hits you!
* * * LOW HITPOINT WARNING * * *
Eustachio hits you with a rapier of flaming.
You die...

### ### #.###
#.######## #...
#.........
#####b###.#.########
#55@@r....#.##......
#.###.#####.##.#####
.. #..........##...
## #######.########
................
#######.######## #.#
#.# #.#


You could see Eustachio, 2 white imps, a quokka and a bat.

Vanquished Creatures
  A hound skeleton (D:3)
  A worker ant zombie (D:3)
  A gnoll (D:1)
  3 adders (D:2)
  2 oozes (D:1)
  An adder zombie (D:3)
  2 worms
  A dart slug (D:3)
  An orc (D:3)
  4 bats
  2 giant cockroaches (D:3)
  3 goblins
  10 hobgoblins
  4 jackals (D:1)
  3 kobolds
  A ball python (D:1)
  2 giant newts (D:2)
  8 rats
50 creatures vanquished.

Vanquished Creatures (others)
  An ogre (D:4)
  2 giant geckos (D:4)
  An orc (D:4)
  A giant cockroach (D:4)
5 creatures vanquished.

Grand Total: 55 creatures vanquished

Notes
Turn   | Place    | Note
-------+----------+-------------------------------------------
     0 | D:1      | epen the Merfolk Monk began the quest for the Orb.
     0 | D:1      | Reached XP level 1. HP: 18/18 MP: 1/1
   208 | D:1      | Reached XP level 2. HP: 15/24 MP: 2/2
   635 | D:1      | Found an iron altar of Okawaru.
   648 | D:1      | Reached skill level 5 in Polearms
   648 | D:1      | Reached XP level 3. HP: 20/30 MP: 3/3
   689 | D:1      | Became a worshipper of Warmaster Okawaru
   689 | D:1      | Reached * piety under Okawaru
   689 | D:1      | Reached ** piety under Okawaru
  1497 | D:2      | Reached XP level 4. HP: 37/37 MP: 4/4
  2428 | D:3      | Found a sparkling altar of Nemelex Xobeh.
  2572 | D:3      | Reached skill level 1 in Armour
  2676 | D:3      | Reached skill level 1 in Invocations
  2676 | D:3      | Reached XP level 5. HP: 17/42 MP: 5/5
  3228 | D:4      | Killed an ogre
  3276 | D:4      | Noticed Eustachio
  3308 | D:4      | Slain by Eustachio

Vault maps used:
D:1:      dpeg_arrival_tiny_d, minmay_crystal_water, minmay_misc_feat_iff,
          okawaru_ov_weapons_minmay
D:3:      serial_undead, serial_undead_f, serial_undead_d, serial_undead_c,
          serial_undead_a, nemelex_diamond_rough_becter
D:4:      lemuel_upstairs_altar, xom_confusion_cloud, first_bread,
          uniq_eustachio, uniq_robin

Skill      XL: |  1  2  3  4 |
---------------+-------------+-----
Polearms       | 5 |  5.6
Fighting       | 4 |  4.3
Armour         | 1 |  1.1
Invocations    | 1 |  1.0
Dodging        | |  4.7
Stealth        | |  2.4

Action                   |  1- 3 |  4- 6 || total
-------------------------+-------+-------++-------
Melee: Spear             |   127 |   152 ||   279
       Tailslap          |       |     1 ||     1
Invok: Heroism           |       |     1 ||     1
  Use: Potion            |       |     4 ||     4
 Stab: Sleeping          |     3 |     5 ||     8
  Eat: Chunk             |     2 |     6 ||     8
Armor: Leather armour    |    11 |     7 ||    18
       Ring mail         |       |    15 ||    15
Dodge: Dodged            |    62 |    70 ||   132
